 Dungeon Sprint DCSS version 0.28.0-49-g6dfe1f597d (webtiles) character file.

Game seed: 12726712480451361640

6808 Revguard the Warmonger (level 10, -10/129 HPs)
             Began as a Demonspawn Gladiator on May 17, 2022.
             Was a High Priest of Okawaru.
             Mangled by a chaos spawn (11 damage)
             ... in the Dungeon (Sprint V: "Ziggurat Sprint") on May 18, 2022.
             The game lasted 00:12:13 (1749 turns).

Revguard the Warmonger (Demonspawn Gladiator)       Turns: 1749, Time: 00:12:16

Health: -10/129    AC: 29    Str: 19    XL:     10   Next: 77%
Magic:  0/20       EV: 12    Int: 13    God:    Okawaru [*****.]
Gold:   0          SH:  0    Dex: 25    Spells: 9/9 levels left

rFire   . . .      SeeInvis .   G - +9 sword of Zonguldrok {reap}
rCold   . . .      Faith    .   (no shield)
rNeg    + . .      Spirit   +   D - +15 Maxwell's patent armour {-Cast -Tele rElec Will+ rCorr}
rPois   .          Reflect  .   a - +1 helmet {Int+3}
rElec   +          Harm     .   b - +0 cloak {Stlth+}
rCorr   +          Rampage  .   (no gloves)
Will    +....      NoTele   +   I - +1 pair of boots of Indemnity {rElec rN+ Str-3 Dex+2}
Stlth   .......... NoCast   +   J - amulet of guardian spirit
HPRegen 0.31/turn               u - +6 ring of dexterity
MPRegen 0.17/turn               y - +6 ring of strength

@: berserking (expiring), corroded, sanguine armoured, studying Spellcasting,
very quick
A: claws 2, ignite blood 2, sanguine armour 1
a: Renounce Religion, Heroism, Finesse


You were in the Dungeon.
You worshipped Okawaru.
Okawaru was extremely pleased with you.
You visited 1 branch

Inventory:

Hand Weapons
 F - the +5 sword of Power {vorpal}
   (You found it in the Dungeon)

   It inflicts extra damage upon your enemies.
   It occasionally discharges a powerful but inaccurate bolt of energy upon
   striking a foe, with increased chance the greater the wielder's current
   health.
 G - the +9 sword of Zonguldrok (weapon) {reap}
   (You found it in the Dungeon)

   Any living foe damaged by it may be reanimated upon death as a zombie
   friendly to the wielder, with an increasing chance as more damage is dealt.
Missiles
 d - 4 throwing nets (quivered)
Armour
 a - a +1 helmet of intelligence (worn)
 b - a +0 cloak of stealth (worn)
 D - the +15 Maxwell's patent armour (worn) {-Cast -Tele rElec Will+ rCorr}
   (You found it in the Dungeon)

   rElec:     It insulates you from electricity.
   -Cast:     It prevents spellcasting.
   -Tele:     It prevents most forms of teleportation.
   rCorr:     It protects you from acid and corrosion.
   Will:      It increases your willpower.
 E - the +18 shield of the Gong {rElec rN+ Will+ EV-5}
   (You found it in the Dungeon)

   It is deafeningly noisy when blocking attacks.
   EV:        It affects your evasion (-5).
   rElec:     It insulates you from electricity.
   rN:        It protects you from negative energy.
   Will:      It increases your willpower.
 I - the +1 pair of boots of Indemnity (worn) {rElec rN+ Str-3 Dex+2}
   (You found it in the Dungeon)

   Str:       It affects your strength (-3).
   Dex:       It affects your dexterity (+2).
   rElec:     It insulates you from electricity.
   rN:        It protects you from negative energy.
Jewellery
 c - the ring "Syzoanag" {rN+ rCorr Int+6}
   (You found it in the Dungeon)

   [ring of intelligence]

   Int:       It affects your intelligence (+6).
   rN:        It protects you from negative energy.
   rCorr:     It protects you from acid and corrosion.
 n - a ring of ice
 t - a ring of flight
 u - a +6 ring of dexterity (left claw)
 v - a +6 ring of dexterity
 y - a +6 ring of strength (right claw)
 z - a +6 ring of strength
 J - an amulet of guardian spirit (around neck)
 K - a +4 ring of evasion
 N - an amulet of reflection
Wands
 A - a wand of mindburst (7)
 B - a wand of iceblast (7)
 C - a wand of acid (7)
Scrolls
 j - 4 scrolls of blinking
 p - 4 scrolls of amnesia
 q - 7 scrolls of fog
 r - 5 scrolls of identify
 s - 2 scrolls of fear
 M - a scroll of brand weapon
Potions
 e - 10 potions of curing
 f - 10 potions of heal wounds
 g - 6 potions of haste
 h - 7 potions of magic
 i - a potion of berserk rage
 k - 2 potions of brilliance
 l - 2 potions of invisibility
 m - 4 potions of resistance
 o - 5 potions of might
Miscellaneous
 H - a lightning rod (4/4)
 L - a condenser vane


   Skills:
 + Level 10.9 Fighting
 + Level 10.6 Long Blades
 - Level 1.7 Throwing
 + Level 9.9 Armour
 + Level 10.4 Dodging
 + Level 14.0 Invocations
 + Level 10.8 Evocations


You had 9 spell levels left.
You didn't know any spells.
Your spell library contained the following spells:

 Spells                   Type           Power      Damage    Failure   Level
 Conjure Flame            Conj/Fire      0%         6-21      100%        3
 Gell's Gravitas          Tloc           0%         N/A       100%        3
 Ignite Poison            Fire/Tmut/Pois 0%         N/A       100%        3
 Lesser Beckoning         Tloc           0%         N/A       100%        3
 Teleport Other           Tloc           0%         N/A       100%        3
 Sticky Flame             Conj/Fire      0%         2d3       100%        4
 Dispersal                Tloc           0%         N/A       100%        6
 Animate Dead             Necr           Unusable   N/A       N/A         4
 Summon Ice Beast         Ice/Summ       Unusable   N/A       N/A         4
 Haunt                    Necr/Summ      Unusable   N/A       N/A         7
 Summon Hydra             Summ           Unusable   N/A       N/A         7
 Infestation              Necr           Unusable   N/A       N/A         8

Dungeon Overview and Level Annotations

Branches:
Dungeon (1/1)

Altars:
Ashenzari
Cheibriados
Dithmenos
Elyvilon
Fedhas
Gozag
Hepliaklqana
Kikubaaqudgha
Makhleb
Nemelex Xobeh
Okawaru
Qazlal
Ru
Sif Muna
Trog
Uskayaw
Vehumet
Wu Jian
Xom
Yredelemnul
Zin
The Shining One
Beogh
Jiyva
Lugonu


Innate Abilities, Weirdness & Mutations

You have very sharp fingernails.
Your demonic aura often causes spilled blood to erupt in flames.
When seriously injured, your blood forms armour. (AC +6)


Message History

You slice the hell beast!! You claw the hell beast!
The hell beast is severely wounded.
The hell beast bites you but does no damage.
The hell beast tramples you but does no damage.
The ynoxinul gestures.
The ice devil hits you but does no damage.
You slash the hell beast!
The hell beast is severely wounded.
The tormentor says, "I know your fate.
It's pain."
The tormentor closely misses you.
The tormentor hits you but does no damage.
The hell beast bites you but does no damage.
The hell beast tramples you but does no damage.
The rust devil hits you.
* * * LOW HITPOINT WARNING * * *
The rust devil corrodes you! The rust devil hits you.
The ynoxinul gestures.
You closely miss the hell beast.
The hell beast is severely wounded.
The tormentor hits you but does no damage.
The tormentor closely misses you.
The hell beast bites you but does no damage.
The hell beast completely misses you.
The ice devil hits you but does no damage.
The rust devil hits you. The rust devil corrodes you!
You slice the hell beast!!
You kill the hell beast!
Okawaru is honoured by your kill. The tormentor misses you.
The tormentor barely misses you. The rust devil hits you.
The ynoxinul gestures.
The ice devil hits you but does no damage.
Your Invocations skill increases to level 14!
You hit the rust devil but do no damage.
You claw the rust devil!
The rust devil is moderately wounded.
The rust devil closely misses you. The tormentor closely misses you.
The tormentor hits you but does no damage.
The chaos spawn gores you!
You die...

▓..:)!"}..▓..|.||}..▓
▓§☼§§§§☼§§▓...[=)|..▓
▓§§§°§§§§§▓.........▓
▓§§○§§§§§.▓.........▓
▓...§§§§..▓.........▓
▓...§☼§5..▓.........▓
▓...§555..▓.........▓
▓.▓X4445▓5▓....©....▓
▓..32@4355▓▓▓▓▓▓▓▓▓▓▓
▓▓▓▓▓▓▓▓▓▓▓


You could see a large abomination, an ice devil, 2 rust devils, a smoke demon, a
tormentor, a ynoxinul, a chaos spawn and 8 ufetubi.

Vanquished Creatures
  An Executioner (D)
  A mummy priest (D)
  A hell beast (D)
  A wolf spider (D)
  2 cane toads (D)
  A yaktaur (D)
  4 merfolk (D)
  A tarantella (D)
  2 jumping spiders (D)
  2 yaks (D)
  A naga (D)
  4 orc warriors (D)
  2 necrophages (D)
  4 centaurs (D)
  A phantom (D)
  2 bullfrogs (D)
  5 scorpions (D)
  3 wights (D)
  An orc priest (D)
  6 orc wizards (D)
  A mummy (D)
  2 adders (D)
  An adder skeleton (D)
  2 orcs (D)
  A ball python (D)
  2 jackals (D)
  A quokka skeleton (D)
  A quokka zombie (D)
56 creatures vanquished.

Notes
Turn   | Place    | Note
-------+----------+-------------------------------------------
     0 | D        | Revguard the Demonspawn Gladiator began the quest for the
                  | Orb.
     0 | D        | Reached XP level 1. HP: 16/16 MP: 1/1
     0 | D        | Found a shimmering blue altar of Sif Muna.
     0 | D        | Found a sacrificial altar of Ru.
     0 | D        | Found a bloodstained altar of Trog.
     0 | D        | Found a stormy altar of Qazlal.
     0 | D        | Found an iron altar of Okawaru.
     0 | D        | Found a sparkling altar of Nemelex Xobeh.
     0 | D        | Found a blossoming altar of Fedhas.
     0 | D        | Found the +6 Majin-Bo {vamp, MP+6 Int+6}
     0 | D        | Found the +9 heavy crossbow "Sniper" {vorpal, Acc+∞ SInv}
     0 | D        | Found the +10 dark maul {vorpal}
     0 | D        | Found the +15 Maxwell's patent armour {-Cast -Tele rElec
                  | Will+ rCorr}
     0 | D        | Found the +18 shield of the Gong {rElec rN+ Will+ EV-5}
     0 | D        | Found the +14 obsidian axe {vorpal, Mesm Drain Fly SInv}
     0 | D        | Found the +7 great mace "Firestarter" {inner flame, rF++}
     0 | D        | Found the +6 shillelagh "Devastator" {shatter}
     0 | D        | Found the +11 plutonium sword {Contam Stlth-}
     0 | D        | Found the +8 lance "Wyrmbane" {slay drac, rPois rF+ rC+
                  | AC+3}
     0 | D        | Found the +9 sword of Zonguldrok {reap}
     0 | D        | Found the +13 scythe of Curses {drain, Drain}
     0 | D        | Found the +5 sword of Power {vorpal}
     0 | D        | Found the +7 mace of Variability {chain chaos}
     0 | D        | Found the +7 Singing Sword {vorpal, sonic wave}
     0 | D        | Found the +8 storm bow {elec, penet}
     2 | D        | Found a transporter.
     2 | D        | Found an ancient bone altar of Kikubaaqudgha.
     2 | D        | Found a viscous altar of Jiyva.
     2 | D        | Found a corrupted altar of Lugonu.
     2 | D        | Found a hazy altar of Hepliaklqana.
     2 | D        | Found a burning altar of Makhleb.
     2 | D        | Found an opulent altar of Gozag.
    45 | D        | Reached skill level 3 in Invocations
    45 | D        | Gained mutation: Your demonic aura sometimes causes spilled
                  | blood to erupt in flames. [demonic ancestry]
    45 | D        | Reached XP level 2. HP: 24/24 MP: 1/4
    54 | D        | Became a worshipper of Warmaster Okawaru
    65 | D        | Entered arena 2.
    65 | D        | Noticed a necrophage
    65 | D        | Found a transporter.
    70 | D        | Killed a necrophage
    71 | D        | Reached skill level 5 in Long Blades
    71 | D        | Reached skill level 5 in Invocations
    71 | D        | Gained mutation: Your demonic aura often causes spilled
                  | blood to erupt in flames. [demonic ancestry]
    71 | D        | Reached XP level 3. HP: 31/31 MP: 3/6
    71 | D        | Reached XP level 4. HP: 38/38 MP: 3/7
    77 | D        | Entered arena 3.
    77 | D        | Noticed a mummy priest
    77 | D        | Found a transporter.
    86 | D        | Noticed a necrophage
    86 | D        | Noticed a wraith
    89 | D        | Killed a mummy priest
    89 | D        | Reached * piety under Okawaru
    89 | D        | Reached ** piety under Okawaru
    90 | D        | Reached skill level 9 in Invocations
    90 | D        | Reached XP level 5. HP: 15/48 MP: 5/11
    90 | D        | Gained mutation: You have sharp fingernails. [demonic
                  | ancestry]
    90 | D        | Reached XP level 6. HP: 18/55 MP: 5/12
    90 | D        | Reached XP level 7. HP: 19/60 MP: 5/13
   293 | D        | Entered arena 4.
   293 | D        | Found a transporter.
   305 | D        | Got the +1 pair of boots of Indemnity {rElec rN+ Str-3
                  | Dex+2}
   410 | D        | Entered arena 5.
   410 | D        | Noticed a merfolk
   410 | D        | Noticed a merfolk
   410 | D        | Noticed a merfolk
   410 | D        | Noticed a merfolk
   410 | D        | Found a transporter.
   428 | D        | Killed a merfolk
   428 | D        | Reached *** piety under Okawaru
   429 | D        | Reached XP level 8. HP: 22/67 MP: 0/15
   429 | D        | Killed a merfolk
   430 | D        | Reached skill level 10 in Invocations
   431 | D        | Killed a merfolk
   434 | D        | Killed a merfolk
   686 | D        | Entered arena 6.
   686 | D        | Noticed a yaktaur
   686 | D        | Found a transporter.
   693 | D        | Reached **** piety under Okawaru
   694 | D        | Killed a yaktaur
   695 | D        | Reached skill level 11 in Invocations
   695 | D        | Gained mutation: You have very sharp fingernails. [demonic
                  | ancestry]
   695 | D        | Reached XP level 9. HP: 66/75 MP: 14/17
   727 | D        | Entered arena 7.
   727 | D        | Found the +7 Spriggan's Knife {stab, EV+4 Stlth+}
   728 | D        | Found a transporter.
   809 | D        | Entered arena 8.
   810 | D        | Found a transporter.
  1010 | D        | Entered arena 9.
  1011 | D        | Found a transporter.
  1014 | D        | Reached ***** piety under Okawaru
  1023 | D        | Reached skill level 12 in Invocations
  1031 | D        | Got the ring "Syzoanag" {rN+ rCorr Int+6}
  1067 | D        | Entered arena 10.
  1067 | D        | Noticed a cane toad
  1067 | D        | Noticed a cane toad
  1068 | D        | Found a transporter.
  1076 | D        | Killed a cane toad
  1076 | D        | Received a gift from Okawaru
  1077 | D        | Killed a cane toad
  1078 | D        | Gained mutation: When seriously injured, your blood forms
                  | armour. (AC +6) [demonic ancestry]
  1078 | D        | Reached XP level 10. HP: 21/85 MP: 5/19
  1349 | D        | Got the Reference Book on the Creative Voyage
  1356 | D        | Entered arena 11.
  1356 | D        | Noticed a wolf spider
  1357 | D        | Found a transporter.
  1364 | D        | Killed a wolf spider
  1365 | D        | Reached skill level 10 in Fighting
  1365 | D        | Reached skill level 10 in Evocations
  1366 | D        | Reached skill level 13 in Invocations
  1367 | D        | Reached skill level 10 in Long Blades
  1380 | D        | Reached skill level 10 in Dodging
  1731 | D        | Entered arena 12.
  1731 | D        | Noticed an Executioner
  1731 | D        | Noticed a hell beast
  1731 | D        | Noticed a smoke demon
  1731 | D        | Noticed a rust devil
  1732 | D        | Noticed a rust devil
  1732 | D        | Found the +8 demon blade "Leech" {vamp, Harm Drain rN+}
  1742 | D        | HP: 4/129 [Executioner (6)]
  1743 | D        | Killed an Executioner
  1746 | D        | HP: 1/129 [rust devil (4)]
  1748 | D        | Killed a hell beast
  1749 | D        | Reached skill level 14 in Invocations
  1749 | D        | Mangled by a chaos spawn

Illustrated notes

Levels and vault maps discovered:
D:        sprint_v [room_start, room_1, room_2, room_3, room_4, room_5, room_6,
          room_7, room_8, room_9, room_10, room_11, room_12, room_13, room_14,
          room_15, room_16, room_17, room_18, room_19, room_20, room_21,
          room_22, room_23, room_24, room_25, room_26, room_27]

Skill      XL: |  1  2  3  4  5  6  7  8  9 10 |
---------------+-------------------------------+-----
Fighting       | 3 4 7 8 9 10 | 10.9
Long Blades    | 4 5 7 8 9 10 | 10.6
Armour         | 2 3 6 7 8 9 |  9.9
Dodging        | 3 4 6 7 8 9 10 | 10.4
Invocations    | 3 5 9 11 12 14 | 14.0
Evocations     | 2 3 6 7 8 9 10 | 10.8
Throwing       | |  1.7

Action                   |  1- 3 |  4- 6 |  7- 9 | 10-12 || total
-------------------------+-------+-------+-------+-------++-------
Melee: Great sword       |     4 |     8 |    66 |    18 ||    96
       Double sword      |       |       |       |    13 ||    13
       Punch             |       |       |       |     2 ||     2
Invok: Heroism           |       |       |     1 |       ||     1
Evoke: Condenser vane    |       |       |     2 |     1 ||     3
  Use: Potion            |     1 |     1 |     3 |     2 ||     7
Armor: Plate armour      |     9 |     4 |   163 |   133 ||   309
Dodge: Dodged            |       |     4 |   104 |   100 ||   208
